 Dungeon Crawl Stone Soup version 0.29.1-15-g9cfb28693d (console) character file.

Game seed: 6230407167720248450

88 om the Ducker (level 4, -6/31 HPs)
             Began as a Djinni Fire Elementalist on Mar 9, 2023.
             Killed by divine providence
             ... invoked by an orc priest
              (15 damage)
             ... on level 3 of the Dungeon.
             The game lasted 00:07:28 (2537 turns).

om the Ducker (Djinni Fire Elementalist)            Turns: 2537, Time: 00:07:29

Health: -6/31      AC:  2    Str:  7    XL:     4   Next: 82%
Gold:   57         EV: 13    Int: 16    God:
                   SH:  0    Dex: 16

rFire   + + .      SeeInvis .   c - +0 short sword
rCold   x . .      Faith    .   (no shield)
rNeg    . . .      Spirit   .   a - +0 robe
rPois   ∞          Reflect  .   (no helmet)
rElec   .          Harm     .   (no cloak)
rCorr   .          Rampage  .   (no gloves)
Will    .....                   (boots unavailable)
Stlth   ++........              (no amulet)
HPRegen 0.10/turn               q - ring of wizardry
MPRegen 0.00/turn               (no ring)

@: flying
A: sickness immunity, fire resistance 2, cold vulnerability 1, float, innate
caster, HP casting, extra vitality 1
a: no special abilities


You were on level 3 of the Dungeon.
You visited 1 branch of the dungeon, and saw 3 of its levels.

You collected 57 gold pieces.

Inventory:

Hand Weapons
 c - a +0 short sword (weapon)
Armour
 a - a +0 robe (worn)
Jewellery
 d - a ring of see invisible
 q - a ring of wizardry (left hand)
Wands
 l - a wand of mindburst (10)
Scrolls
 b - 3 scrolls of teleportation {unknown}
 e - 2 scrolls of amnesia
 h - a scroll of enchant weapon {unknown}
 j - a scroll of enchant armour {unknown}
 k - a scroll of brand weapon {unknown}
 o - a scroll of butterflies {unknown}
 p - a scroll of identify {unknown}
Potions
 f - a potion of haste {unknown}
 g - 2 potions of curing {unknown}
 i - a potion of attraction {unknown}
 m - a potion of mutation {unknown}
 n - 3 potions of invisibility {unknown}


   Skills:
 + Level 3.7 Dodging
 - Level 2.0 Stealth
 + Level 3.2 Spellcasting


You couldn't memorise any spells.
You knew the following spells:

 Your Spells              Type           Power      Damage    Failure   Level
a - Foxfire               Conj/Fire      48%        2x1d6     1%          1
b - Scorch                Fire           24%        2d6       3%          2
c - Conjure Flame         Conj/Fire      12%        6-21      6%          3
d - Inner Flame           Hex/Fire       12%        N/A       6%          3
e - Flame Wave            Conj/Fire      12%        2d6       19%         4
f - Beastly Appendage     Tmut           24%        N/A       1%          1
Your spell library was empty.

Dungeon Overview and Level Annotations

Branches:
Dungeon (3/15)

Altars:

Annotations:
D:3 3 runed translucent doors, javelincjr's ghost, amateur DjCj


Innate Abilities, Weirdness & Mutations

You are immune to sickness and miasma.
You are immune to poison.
Your flesh is very heat resistant. (rF++)
You are vulnerable to cold. (rC-)
You float through the air rather than walking.
You learn spells naturally, not from books.
Your magical power is your life essence.
You have superior vitality. (+4 MHP)


Message History

An orc is nearby!
You conjure some foxfire!
The foxfire hits the orc.
The orc is lightly wounded.
The foxfire hits the orc.
The orc is almost dead.
You conjure some foxfire!
The foxfire hits the orc but does no damage.
The orc is almost dead.
The foxfire hits the orc but does no damage.
The orc is severely wounded.
An orc is nearby!
The orc misses you.
You see here a rat corpse.
The orc priest shouts!
You hit the orc but do no damage.
The orc is severely wounded.
The orc hits you with a +0 flail!
You barely miss the orc.
The orc is severely wounded.
The orc misses you.
Casting: Foxfire (safe; 1% risk of failure)
Confirm with . or Enter, or press ? or * to list all spells.
Flames lash the orc but do no damage.
The orc closely misses you.
Casting: Scorch (safe; 3% risk of failure)
Confirm with . or Enter, or press ? or * to list all spells.
Flames lash the orc priest.
The orc priest is lightly wounded.
The orc priest's fire resistance burns away.
The orc barely misses you. The orc priest hits you with a +0 club.
Unknown command.
Casting: Scorch (safe; 3% risk of failure)
Confirm with . or Enter, or press ? or * to list all spells.
Flames lash the orc priest.
The orc priest is burned terribly!
The orc priest is moderately wounded.
* * * LOW HITPOINT WARNING * * *
The orc misses you.
The orc priest mumbles some strange prayers to Beogh against you.
Beogh smites you!
You die...

#.............#...#
################.###.#
...........§§v..>#
#.####
################.#
#....# .# #.# ####.#
.# #.# #...# #.# #.###
##.####.# #)).....#
#..###### #.@o....#
##o..##.# ###......##
#.........#
#...###..## #........#
##.#####.# .. .# [#.
#..o . ..


You could see an orc priest (combustible) and an orc.

Vanquished Creatures
  3 adders (D:2)
  A dart slug (D:2)
  5 orcs (D:3)
  6 ball pythons
  7 endoplasms
  2 giant cockroaches
  4 goblins
  4 hobgoblins
  5 kobolds
  3 quokkas (D:3)
  3 bats
  3 frilled lizards
  6 rats
52 creatures vanquished.

Vanquished Creatures (collateral kills)
  5 foxfires (D:1)
5 creatures vanquished.

Vanquished Creatures (others)
  147 foxfires
  3 plants (D:1)
150 creatures vanquished.

Grand Total: 207 creatures vanquished

Notes
Turn   | Place    | Note
-------+----------+-------------------------------------------
     0 | D:1      | om the Djinni Fire Elementalist began the quest for the
                  | Orb.
     0 | D:1      | om set off with the following spells memorised: Foxfire,
                  | Scorch, Conjure Flame, Inner Flame, Flame Wave.
     0 | D:1      | Reached XP level 1. HP: 15/15 MP: 0/0
   571 | D:1      | Reached XP level 2. HP: 18/21 MP: 0/0
  1124 | D:1      | Reached XP level 3. HP: 24/25 MP: 0/0
  1124 | D:1      | Learned a level 1 spell: Beastly Appendage
  1610 | D:2      | Reached XP level 4. HP: 25/31 MP: 0/0
  2006 | D:2      | Found a faded altar of an unknown god.
  2316 | D:3      | Found a runed translucent gate.
  2317 | D:3      | Found a runed translucent gate.
  2318 | D:3      | Found a runed translucent gate.
  2320 | D:3      | Noticed javelincjr's ghost (amateur DjCj)
  2537 | D:3      | Killed from afar by an orc priest

Illustrated notes

Levels and vault maps discovered:
D:1:      tarquinn_simple_flora_water_e, layout_rooms, serial_bayou_lake_a
D:2:      layout_rooms, nicolae_ecumenical_snake_handling, minmay_pentomino_v4
D:3:      layout_basic, biasface_ghost_orc_armoury

Skill      XL: |  1  2  3 |
---------------+----------+-----
Stealth        | 2 |  2.0
Dodging        | 3 |  3.7
Spellcasting   | 3 |  3.2

Action                   |  1- 3 |  4- 6 || total
-------------------------+-------+-------++-------
Melee: Short sword       |     3 |    22 ||    25
       Unarmed           |     1 |       ||     1
       Headbutt          |       |     1 ||     1
 Cast: Foxfire           |    57 |    32 ||    89
       Scorch            |     2 |     3 ||     5
       Conjure Flame     |       |     1 ||     1
       Beastly Appendage |       |     1 ||     1
  Use: Scroll            |     1 |       ||     1
 Stab: Sleeping          |       |     1 ||     1
Armor: Robe              |     1 |     5 ||     6
Dodge: Dodged            |     3 |    24 ||    27
